 Dungeon Crawl Stone Soup version 0.31-a0-345-g1ebeae05c6 (webtiles) character file.

Game seed: 15601629197295410158

40 RepHenryClay the Placeless Gnoll (level 3, 0/37 HPs)
             Began as a Gnoll Wanderer on July 23, 2023.
             Slain by Jessica
             ... wielding a +0 club
              (4 damage)
             ... on level 2 of the Dungeon.
             The game lasted 00:02:01 (968 turns).

RepHenryClay the Placeless Gnoll (Gnoll Wanderer)    Turns: 968, Time: 00:02:02

Health: 0/37       AC: 21    Str: 11    XL:     3   Next: 50%
Magic:  7/7        EV: -1    Int:  8    God:
Gold:   12         SH:  0    Dex: 16    Spells: 6/7 levels left

rFire   . . .        a - +0 sling
rCold   . . .        (no shield)
rNeg    . . .        e - melded +0 leather armour
rPois   +            (helmet currently unavailable)
rElec   .            (cloak currently unavailable)
rCorr   .            (gloves currently unavailable)
SInv    .            (boots currently unavailable)
Will    .....        (no amulet)
Stlth   ++           (no ring)
HPRegen 0.26/turn    (no ring)
MPRegen 0.10/turn

%: no passive effects
@: tree-form, constricted
A: stationary, stasis, torment immunity, boosted hp, (fangs 1), strong nose,
distributed training
a: no special abilities


You were on level 2 of the Dungeon.
You were a tree.
You visited 1 branch of the dungeon, and saw 2 of its levels.

You collected 12 gold pieces.

Inventory:

Hand Weapons
 a - a +0 sling (weapon)
 c - a +0 dagger
Missiles
 b - 7 poisoned darts (quivered)
Armour
 e - a +0 leather armour (melded)
Magical Staves
 j - a staff of earth
Jewellery
 i - an amulet of magic regeneration
Scrolls
 g - a scroll of teleportation {unknown}
 h - a scroll of revelation {unknown}
Potions
 d - a potion of curing


   Skills:
 + Level 0.8 Fighting
 + Level 0.8 Short Blades
 + Level 0.8 Long Blades
 + Level 0.8 Axes
 + Level 0.8 Maces & Flails
 + Level 0.8 Polearms
 + Level 0.8 Staves
 + Level 2.6 Ranged Weapons
 + Level 2.6 Throwing
 + Level 0.8 Armour
 + Level 2.6 Dodging
 + Level 0.8 Stealth
 + Level 0.8 Shields
 + Level 0.8 Unarmed Combat
 + Level 2.8 Spellcasting
 + Level 0.5 Conjurations
 + Level 0.5 Hexes
 + Level 0.5 Summonings
 + Level 0.5 Necromancy
 + Level 8.7 Translocations
 + Level 0.5 Transmutations
 + Level 0.5 Fire Magic
 + Level 0.5 Ice Magic
 + Level 0.5 Air Magic
 + Level 0.5 Earth Magic
 + Level 0.5 Poison Magic
 + Level 1.0 Invocations
 + Level 2.6 Evocations
 + Level 0.5 Shapeshifting


You had 6 spell levels left.
You knew the following spells:

 Your Spells              Type           Power      Damage    Failure   Level
a - Apportation           Tloc           30%        N/A       1%          1

Your spell library contained the following spells:

 Spells                   Type           Power      Damage    Failure   Level
 Lesser Beckoning         Tloc           30%        N/A       1%          2
 Momentum Strike          Conj/Tloc      16%        3d8       8%          2


Dungeon Overview and Level Annotations

Branches:
Dungeon (2/15)

Altars:

Shops:
D:1 [

Annotations:
D:2 Jessica


Innate Abilities, Weirdness & Mutations

You are a tree.
Your roots penetrate the ground, keeping you stationary.
You cannot be teleported.
You are immune to unholy pain and torment.
Your maximum health is greatly increased.
Your equipment is partially melded.
((You have very sharp teeth.))
Your uncanny sense of smell can sniff out nearby items.
Your experience applies equally to all skills.


Message History

A ball python comes into view.
There is a stone staircase leading up here.
You shoot a sling bullet. The sling bullet misses the bat.
The bat misses you.
You shoot a sling bullet. The sling bullet hits the bat.
You kill the bat!
You shoot a sling bullet. The ball python hisses angrily.
The sling bullet hits Jessica but does no damage.
Jessica is moderately wounded.
A quokka comes into view.
You shoot a sling bullet.
The sling bullet hits Jessica but does no damage.
Jessica is moderately wounded.
Jessica mumbles some strange words.
Jessica seems to speed up.
You shoot a sling bullet.
The sling bullet closely misses Jessica.
Jessica hits you with a +0 club!
Huge Dmg: -28%(-7hp) hp: 72%(18hp)
You shoot a sling bullet. The sling bullet hits Jessica.
Jessica is lightly wounded.
Jessica casts a spell at you. Pain shoots through your body!
Ouch! That really hurt!
* * * LOW HITPOINT WARNING * * *
Jessica gestures at you while chanting. Pain shoots through your body!
* * * LOW HITPOINT WARNING * * *
You are too injured to fight recklessly!
Huge Dmg: -64%(-16hp) hp: 8%(2hp) Unknown command.
It was a potion of lignification.
You turn into a tree.
Your +0 leather armour melds into your body.
Your roots penetrate the ground.
Jessica hits you but does no damage.
The ball python bites you but does no damage.
The ball python grabs you. The ball python constricts you.
You shoot a sling bullet.
The sling bullet closely misses Jessica.
Jessica hits you with a +0 club.
You die...

S...# .... .#.##
..$.# ...# #
##..#
####.###r..##.#.
.......@S.......
.......♣†...####
......#.....#
..... ..#...#
.... ......##
... .......# .<
.†......# .
......)..#
...)......


You could see Jessica (fast), a quokka and a ball python.

Vanquished Creatures
  A gnoll (D:1)
  4 bats
  4 endoplasms (D:1)
  A giant cockroach (D:1)
  5 hobgoblins
  2 kobolds (D:1)
  2 quokkas (D:1)
  2 ball pythons (D:1)
  4 frilled lizards (D:1)
  4 rats
29 creatures vanquished.

Notes
Turn   | Place    | Note
-------+----------+-------------------------------------------
     0 | D:1      | RepHenryClay the Gnoll Wanderer began the quest for the
                  | Orb.
     0 | D:1      | RepHenryClay set off with the following items: a +0 sling,
                  | 7 poisoned darts, a +0 dagger, a potion of curing, a +0
                  | leather armour; and the following spell memorised:
                  | Apportation; and the following spells available to
                  | memorise: Lesser Beckoning, Momentum Strike.
     0 | D:1      | Reached XP level 1. HP: 13/13 MP: 4/4
   167 | D:1      | Reached XP level 2. HP: 20/20 MP: 5/5
   306 | D:1      | Reached XP level 3. HP: 25/25 MP: 7/7
   776 | D:1      | Found Rugh's Antique Armour Emporium.
   798 | D:1      | Reached skill level 1 in Invocations
   956 | D:2      | Noticed Jessica
   968 | D:2      | Slain by Jessica

Illustrated notes

Levels and vault maps discovered:
D:1:      minmay_arrival_radiant_lines, layout_basic, serial_shops, shop
D:2:      minmay_diamond_boxcup, layout_rooms, uniq_jessica

Skill      XL: |  1  2  3 |
---------------+----------+-----
Invocations    | 1 |  1.0
Fighting       | |  0.8
Short Blades   | |  0.8
Long Blades    | |  0.8
Axes           | |  0.8
Maces & Flails | |  0.8
Polearms       | |  0.8
Staves         | |  0.8
Ranged Weapons | |  2.6
Throwing       | |  2.6
Armour         | |  0.8
Dodging        | |  2.6
Stealth        | |  0.8
Shields        | |  0.8
Unarmed Combat | |  0.8
Spellcasting   | |  2.8
Conjurations   | |  0.5
Hexes          | |  0.5
Summonings     | |  0.5
Necromancy     | |  0.5
Translocations | |  8.7
Transmutations | |  0.5
Fire Magic     | |  0.5
Ice Magic      | |  0.5
Air Magic      | |  0.5
Earth Magic    | |  0.5
Poison Magic   | |  0.5
Evocations     | |  2.6
Shapeshifting  | |  0.5

Action                     || total
---------------------------++-------
   Fire: Sling             ||    99
  Throw: Dart              ||     3
   Cast: Apportation       ||     3
    Use: Potion            ||     1
 Armour: Leather armour    ||    11
         Skin              ||     2
  Dodge: Dodged            ||    36

Table legend: (Time is in decaauts)
 A = Elapsed time spent in this place.
 B = Non-inter-level travel time spent in this place.
 C = Inter-level travel time spent in this place.
 D = Time resting spent in this place.
 E = Time spent auto-exploring this place.
 F = Levels seen in this place.
 G = Mean time per level.
                   A        B        C        D        E       F      G
               +--------+--------+--------+--------+--------+-----+--------+
         Total |    998 |    969 |     29 |      3 |    785 |   2 |  499.0 |
       Dungeon |    998 |    969 |     29 |      3 |    785 |   2 |  499.0 |
               +--------+--------+--------+--------+--------+-----+--------+

Top non-repeatable levels by time:
     D:1: 975 daAuts
     D:2: 23 daAuts
